Map: Prion Terraces

Players

xKawaiian

  • Race: Terran Terran
  • League: Master

IIIIIIIIIIII - Winner!

  • Race: Zerg Zerg
  • League: Master

VOD

Have the link to the VOD?

Description

Time

  • Played on: Jan. 12, 2016, 9:07 p.m.
  • Length: 4:22
Show
View Real Time Build Order
Export as new Build Order

xKawaiian Terran 

Build Orders: Reaper Expand 

Get SALT Encoding   

  12  0:00  SCV  
  13  0:12  SCV  
  14  0:17  Supply Depot  
  14  0:25  SCV  
  15  0:39  SCV  
  15  0:40  Barracks  
  16  0:45  Refinery  
  16  0:51  SCV  
  17  1:03  SCV  
  18  1:15  SCV  
  19  1:28  Orbital Command  
  19  1:29  Reaper  
  20  1:39  Command Center  
  20  1:49  Supply Depot  
  20  1:54  SCV  
  21  2:01  Barracks Reactor  
  21  2:06  SCV  
  21  2:07  Barracks  
  22  2:15  Barracks  
  22  2:19  SCV  
  23  2:31  SCV  
  24  2:40  Marine x2  
  24  2:43  SCV  
  27  2:50  Orbital Command  
  27  2:55  SCV  
  27  2:57  Barracks Tech Lab, Marine  
  27  2:58  Marine  
  30  3:04  Refinery  
  30  3:05  Factory  
  30  3:07  SCV  
  30  3:08  Marine  
  32  3:15  Marine x3  
  35  3:20  SCV  
  35  3:22  SCV  
  35  3:26  Marine  
  38  3:32  SCV  
  38  3:33  Marine  
  40  3:34  SCV  
  40  3:39  Marine  
  42  3:44  Supply Depot, SCV  
  42  3:45  Marine x2  
  42  3:46  SCV  
  45  3:52  Starport  
  45  3:53  Factory Reactor  
  45  3:55  Marine  
  46  4:02  Supply Depot  
  46  4:05  SCV  
Show
View Real Time Build Order
Export as new Build Order

IIIIIIIIIIII Zerg - Winner!

Build Orders: Hatch First 

Get SALT Encoding   

  12  0:00  Drone  
  13  0:11  Drone  
  14  0:18  Overlord  
  14  0:25  Drone, Extractor  
  15  0:41  Drone  
  16  0:51  Hatchery, Drone  
  16  0:57  Extractor  
  15  1:12  Spawning Pool  
  15  1:15  Drone  
  15  1:16  Drone  
  16  1:20  Drone  
  17  1:26  Drone  
  18  1:37  Drone  
  19  1:50  Overlord  
  19  1:59  Queen  
  19  2:00  Zergling x2  
  22  2:06  Queen  
  24  2:10  Metabolic Boost  
  24  2:14  Zergling x2  
  25  2:20  Drone  
  25  2:22  Drone  
  27  2:26  Drone  
  28  2:34  Extractor  
  26  2:39  Spore Crawler  
  27  2:47  Zergling x6  
  27  2:48  Zergling x4  
  32  2:53  Overlord  
  32  3:10  Zergling x6  
  35  3:14  Zergling x2  
  35  3:18  Zergling x8  
  40  3:28  Baneling Nest  
  40  3:33  Zergling x8  
  43  3:57  Zergling x2  
  43  3:59  Overlord  
Tags
 
Add a new tag
Caveats
  • Supply blocks, unpowered buildings, or Contaminate may cause inaccurate times.
  • Supply counts are checked every 10 seconds.